 Dungeon Crawl Stone Soup version 0.24.0-41-g2ae2f7f1be (webtiles) character file.

Game seed: 17681281296056446890, levelgen mode: deterministic

304 Devinter the Chopper (level 6, -3/52 HPs)
             Began as a Hill Orc Fighter on Dec 14, 2019.
             Killed from afar by an orc wizard (6 damage)
             ... with a magic dart
             ... on level 4 of the Dungeon.
             The game lasted 00:16:28 (2310 turns).

Devinter the Chopper (Hill Orc Fighter)             Turns: 2310, Time: 00:16:29

Health: -3/52      AC:  7    Str: 19    XL:     6   Next: 38%
Magic:  6/6        EV:  8    Int:  8    God:
Gold:   113        SH:  9    Dex: 12    Spells: 5/5 levels left

rFire    . . .     SeeInvis .   a - +0 war axe
rCold    . . .     Gourm    .   c - +0 shield
rNeg     . . .     Faith    .   b - +0 scale mail
rPois    .         Spirit   .   (no helmet)
rElec    .         Reflect  .   (no cloak)
rCorr    .         Harm     .   (no gloves)
MR       .....                  (no boots)
Stlth    ..........             (no amulet)
HPRegen  0.17/turn              (no ring)
MPRegen  0.10/turn              (no ring)

@: no status effects
A: no striking features
a: no special abilities


You were on level 4 of the Dungeon.
You were hungry.

You visited 1 branch of the dungeon, and saw 4 of its levels.

You collected 113 gold pieces.

Inventory:

Hand Weapons
 a - a +0 war axe (weapon)
Missiles
 g - 68 arrows
 r - 5 poisoned darts (quivered)
Armour
 b - a +0 scale mail (worn)
 c - a +0 shield (worn)
 k - a +0 shield
 p - a +0 chain mail
Jewellery
 n - a cursed ring of teleportation {unknown}
 s - a +5 amulet of reflection {unknown}
Scrolls
 e - 3 scrolls of fog {unknown}
 h - 2 scrolls of identify {unknown}
 i - a scroll of enchant armour {unknown}
 l - 2 scrolls of teleportation {unknown}
 m - a scroll of fear {unknown}
 o - a scroll of remove curse {unknown}
 q - a scroll of noise {unknown}
Potions
 d - a potion of might
 j - a potion of degeneration {unknown}
Comestibles
 f - 5 rations


   Skills:
 - Level 4.0 Fighting
 * Level 6.6 Axes
 - Level 4.0 Armour
 + Level 1.8 Dodging
 - Level 4.0 Shields


You had 5 spell levels left.
You didn't know any spells.
Your spell library was empty.

Dungeon Overview and Level Annotations

Branches:
Dungeon (4/15)
 Temple: D:4-7

Altars:


Message History

Something tries to affect you, but you resist.
You miss something.
You hear some strange, mumbled words.
A magic dart appears from out of thin air!
The magic dart hits you.
* * * LOW HITPOINT WARNING * * *
Something hits you but does no damage.
Found a ration.
You closely miss something.
You feel less confused. Something hits you but does no damage.
You miss something. You block something's attack.
You closely miss something. Something hits you.
* * * LOW HITPOINT WARNING * * *
Something hits you but does no damage.
You miss something.
You hear some strange, mumbled words.
A magic dart appears from out of thin air!
The magic dart hits you.
You die...

.. . ... .#
##########. %.##.
........#.# ..#.
........#.# #...
........#.# #..#
........[)### #..#
.........)..###..#####
....###..##...@.......
...
....####).{.##.....
.....#### #....).##...
. .. #.###)..#.. . .
#..# #.#...###..
...####.#....... .
.### #..#...... .. ?
...###.##.#.###...
#..............#$


There were no monsters in sight!

Vanquished Creatures
  A howler monkey (D:4)
  2 orc priests (D:4)
  A hound (D:4)
  An orc wizard (D:4)
  2 worker ants
  A worm (D:2)
  2 dart slugs (D:3)
  6 leopard geckos
  7 orcs
  8 bats
  A giant cockroach (D:1)
  15 goblins
  7 hobgoblins
  8 jackals
  A quokka (D:3)
  A ball python (D:3)
  3 frilled lizards
  9 kobolds
  5 rats
81 creatures vanquished.

Notes
Turn   | Place    | Note
-------+----------+-------------------------------------------
     0 | D:1      | Devinter the Hill Orc Fighter began the quest for the Orb.
     0 | D:1      | Reached XP level 1. HP: 19/19 MP: 1/1
   181 | D:1      | Reached skill level 3 in Axes
   294 | D:1      | Reached XP level 2. HP: 27/27 MP: 2/2
   746 | D:1      | Reached XP level 3. HP: 33/33 MP: 3/3
  1136 | D:2      | Reached skill level 4 in Fighting
  1293 | D:2      | Reached skill level 4 in Axes
  1293 | D:2      | Reached XP level 4. HP: 35/40 MP: 4/4
  1535 | D:3      | Reached skill level 4 in Armour
  1535 | D:3      | Reached skill level 4 in Shields
  1770 | D:3      | Reached XP level 5. HP: 39/46 MP: 5/5
  1954 | D:3      | Reached skill level 5 in Axes
  2153 | D:4      | Reached skill level 1 in Dodging
  2190 | D:4      | Reached skill level 6 in Axes
  2190 | D:4      | Reached XP level 6. HP: 42/52 MP: 6/6
  2304 | D:4      | HP: 2/52 [something/magic dart (4)]
  2309 | D:4      | HP: 2/52 [something (1)]
  2310 | D:4      | Killed from afar by an orc wizard

Levels and vault maps discovered:
D:1:      saegor_arrival_simple_d, layout_loops_corners, solitary_fountain
D:2:      kennysheep_the_goblin_king, layout_basic
D:3:      layout_rooms
D:4:      layout_rooms, uniq_crazy_yiuf_cottage, uniq_menkaure

Skill      XL: |  1  2  3  4  5 |
---------------+----------------+-----
Axes           | 3 4 6 |  6.6
Fighting       | 4 |  4.0
Armour         | 4 |  4.0
Shields        | 4 |  4.0
Dodging        | 1 |  1.8

Action                   |  1- 3 |  4- 6 || total
-------------------------+-------+-------++-------
Melee: War axe           |    90 |   139 ||   229
  Eat: Chunk             |     1 |     3 ||     4
Armor: Scale mail        |    40 |    58 ||    98
Dodge: Dodged            |    19 |    43 ||    62
Block: Shield            |    42 |    72 ||   114
